 Dungeon Crawl Stone Soup version 0.28.0-45-g0d030f2227 (webtiles) character file.

Game seed: 6597908416544212405

30 NinjaNoafa the Sneak (level 3, -1/22 HPs)
             Began as a Kobold Brigand on Apr 6, 2022.
             Frozen to death by an endoplasm (5 damage)
             ... on level 2 of the Dungeon.
             The game lasted 00:02:44 (1402 turns).

NinjaNoafa the Sneak (Kobold Brigand)               Turns: 1402, Time: 00:02:45

Health: -1/22      AC:  3    Str:  8    XL:     3   Next: 35%
Magic:  3/3        EV: 15    Int: 12    God:
Gold:   26         SH:  0    Dex: 18    Spells: 2/2 levels left

rFire   . . .      SeeInvis .   a - +2 dagger
rCold   . . .      Faith    .   (no shield)
rNeg    . . .      Spirit   .   b - +0 robe
rPois   .          Reflect  .   (no helmet)
rElec   .          Harm     .   c - +0 cloak
rCorr   .          Rampage  .   (no gloves)
Will    .....                   (no boots)
Stlth   ++++......              (no amulet)
HPRegen 0.07/turn               (no ring)
MPRegen 0.08/turn               (no ring)

@: no status effects
A: small, no large weapons, nightstalker 3
a: no special abilities


You were on level 2 of the Dungeon.
You visited 1 branch of the dungeon, and saw 2 of its levels.

You collected 26 gold pieces.

Inventory:

Hand Weapons
 a - a +2 dagger (weapon)
Missiles
 d - 4 poisoned darts (quivered)
 e - 2 curare-tipped darts
 k - 15 bolts
Armour
 b - a +0 robe (worn)
 c - a +0 cloak (worn)
Scrolls
 f - a scroll of fog {unknown}
 g - a scroll of teleportation {unknown}
 h - a scroll of noise {unknown}
 i - a scroll of amnesia {unknown}


   Skills:
 * Level 2.7 Fighting
 + Level 2.9 Short Blades
 + Level 2.4 Throwing
 * Level 2.0 Dodging
 * Level 5.6 Stealth
 + Level 0.7 Evocations


You had 2 spell levels left.
You didn't know any spells.
Your spell library was empty.

Dungeon Overview and Level Annotations

Branches:
Dungeon (2/15)

Altars:


Innate Abilities, Weirdness & Mutations

You are small and have problems with some larger weapons.
You are completely attuned to the shadows.


Message History

You kill the adder!
The quokka closely misses you.
Your Dodging skill increases to level 2!
You have reached level 3!
Your experience leads to an increase in your attributes!
Increase (S)trength, (I)ntelligence, or (D)exterity?
You feel agile. x2
You hit the quokka.
The quokka is moderately wounded.
The quokka closely misses you. The endoplasm freezes you.
You are frozen.
The quokka barely misses you.
A quokka comes into view.
The endoplasm hits you.
The quokka bites you but does no damage.
The quokka misses you.
Throw: 6 darts (poison)
Press: ? - help, Q - select action, (/) - cycle Shift-Dir - straight line, f/p - quokka
Aim: a quokka (moderately wounded, 53% to hit)
You throw a poisoned dart. The poisoned dart hits the quokka.
The quokka is poisoned.
The quokka is moderately wounded.
The endoplasm closely misses you.
The quokka bites you but does no damage.
The quokka bites you but does no damage.
You kill the quokka!
You hit the quokka.
The quokka is almost dead.
The quokka bites you.
* * * LOW HITPOINT WARNING * * *
The endoplasm hits you but does no damage.
Throw: 5 darts (poison)
Press: ? - help, Q - select action, (/) - cycle Shift-Dir - straight line, f - quokka
Aim: a quokka (almost dead, 53% to hit)
You throw a poisoned dart.
The poisoned dart barely misses the quokka.
The quokka bites you but does no damage.
The endoplasm freezes you.
You are frozen.
You die...

###.........!.
.........#.#.# ..
.............###..
..................
....<.............
..................
..................
.....(............
....#..@J.(...#...
#.####..r.....#...
...?..........# ##
.......#(#.##
.....#.#.#.#
..#..#...# #


You could see an endoplasm and a quokka.

Vanquished Creatures
  An adder (D:2)
  A ball python (D:1)
  3 endoplasms
  2 goblins (D:1)
  3 hobgoblins (D:1)
  2 kobolds (D:1)
  3 quokkas
  A rat (D:1)
16 creatures vanquished.

Notes
Turn   | Place    | Note
-------+----------+-------------------------------------------
     0 | D:1      | NinjaNoafa the Kobold Brigand began the quest for the Orb.
     0 | D:1      | Reached XP level 1. HP: 12/12 MP: 1/1
   408 | D:1      | Reached XP level 2. HP: 14/18 MP: 2/2
   466 | D:1      | Found a faded altar of an unknown god.
  1390 | D:2      | Reached XP level 3. HP: 10/22 MP: 3/3
  1402 | D:2      | Frozen to death by an endoplasm

Illustrated notes

Levels and vault maps discovered:
D:1:      minmay_arrival_semitransparent, layout_loops_ring,
          shapermc_ecumenical_altar_ellora, minivault_19, minmay_surrounded
D:2:      cheibrodos_greedy_goblins, layout_rooms, serial_shops,
          nicolae_shop_statue_plus, minmay_pentomino_t4

Skill      XL: |  1  2 |
---------------+-------+-----
Dodging        | 2 |  2.0
Fighting       | |  2.7
Short Blades   | |  2.9
Throwing       | |  2.4
Stealth        | |  5.6
Evocations     | |  0.7

Action                   || total
-------------------------++-------
Melee: Dagger            ||    63
Throw: Dart              ||     8
  Use: Potion            ||     1
 Stab: Sleeping          ||     5
Armor: Robe              ||    15
Dodge: Dodged            ||    57
